 Dungeon Crawl Stone Soup version 0.20-b1-24-gb21faa7 (webtiles) character file.

93 Iflex the Poker (level 4, 0/34 HPs)
             Began as a Merfolk Gladiator on May 25, 2017.
             Slain by MirrMurr's ghost (2 damage)
             ... on level 3 of the Dungeon.
             The game lasted 00:05:35 (1761 turns).

Iflex the Poker (Merfolk Gladiator)                 Turns: 1761, Time: 00:05:36

Health: 0/34       AC:  4    Str: 15    XL:     4   Next: 62%
Magic:  4/4        EV: 14    Int:  7    God:
Gold:   80         SH:  0    Dex: 15    Spells: 3/3 levels left

rFire    . . .     SeeInvis .   a - +0 trident
rCold    . . .     Gourm    .   (no shield)
rNeg     . . .     Faith    .   b - +0 leather armour
rPois    .         Spirit   .   c - +0 helmet
rElec    .         Reflect  .   (no cloak)
rCorr    .         Harm     .   (no gloves)
MR       .....                  (no boots)
Stlth    +.........             (no amulet)
Regen    0.2/turn               (no ring)
MPRegen  0.1/turn               (no ring)

@: glowing
A: change form in water, swift swim, stealthy swim
a: no special abilities


You were on level 3 of the Dungeon.
You were not hungry.

You visited 1 branch of the dungeon, and saw 3 of its levels.

You collected 80 gold pieces.

Inventory:

Hand Weapons
 a - a +0 trident (weapon)
Missiles
 d - 2 throwing nets (quivered)
Armour
 b - a +0 leather armour (worn)
 c - a +0 helmet (worn)
Jewellery
 k - an uncursed ring of protection from fire {unknown}
Scrolls
 i - a scroll of enchant weapon {unknown}
 l - a scroll of immolation {unknown}
 m - a scroll of amnesia {unknown}
 n - a scroll of remove curse {unknown}
 o - 2 scrolls of identify {unknown}
 p - a scroll of teleportation {unknown}
 r - a scroll of magic mapping {unknown}
Potions
 j - a potion of mutation {unknown}
 q - a potion of agility {unknown}
Comestibles
 f - 3 bread rations
 g - a chunk of flesh
 h - 3 fruits


   Skills:
 + Level 2.8 Fighting
 + Level 6.0 Polearms
 + Level 2.1 Throwing
 + Level 0.3 Armour
 + Level 4.9 Dodging
 + Level 0.8 Stealth


You had 3 spell levels left.
You didn't know any spells.

Dungeon Overview and Level Annotations

Branches:
Dungeon (3/15)

Altars:
Nemelex Xobeh

Annotations:
D:3 MirrMurr's ghost, amateur SpEn


Message History

You hit MirrMurr's ghost.
MirrMurr's ghost is severely damaged.
MirrMurr's ghost misses you.
You hit MirrMurr's ghost.
MirrMurr's ghost is almost destroyed.
MirrMurr's ghost hits you.
* * * LOW HITPOINT WARNING * * *
MirrMurr's ghost freezes you.
* * * LOW HITPOINT WARNING * * *
You barely miss MirrMurr's ghost.
MirrMurr's ghost is almost destroyed.
MirrMurr's ghost hits you but does no damage.
You miss MirrMurr's ghost.
MirrMurr's ghost is severely damaged.
MirrMurr's ghost points at you and mumbles some strange words.
You resist with significant effort.
You hit MirrMurr's ghost.
MirrMurr's ghost is almost destroyed.
MirrMurr's ghost hits you.
You die...

..........######'#.†.........#
..........##.............### #
##........##.......##+#'#<...#.#
#.(......##.......# #.######.##
#........##.......# #.........#
######.........w..##.###.....⌠.⌠
#........rrS.##.†.'......_.
######†....####W########.....⌠.⌠
...........# ##@########.......#
...........# #......#.........##
...........# #......#.........#
.........### #......#.........#
########..# #......#...).....#
##.## #...†......####### #..#
#.†..†.....# ##.# #....)....##
#†####'##.....#


You could see MirrMurr's ghost, an adder, a dart slug and 2 rats.

Vanquished Creatures
  3 adders
  An ooze (D:2)
  A worm (D:2)
  A dart slug (D:1)
  A leopard gecko (D:3)
  7 bats
  5 giant cockroaches
  4 goblins
  6 hobgoblins
  4 jackals (D:3)
  A ball python (D:2)
  5 frilled lizards
  8 kobolds
  10 rats
57 creatures vanquished.

Notes
Turn   | Place    | Note
-------+----------+-------------------------------------------
     0 | D:1      | Iflex the Merfolk Gladiator began the quest for the Orb.
     0 | D:1      | Reached XP level 1. HP: 16/16 MP: 1/1
   229 | D:1      | Reached XP level 2. HP: 22/22 MP: 2/2
   503 | D:1      | Reached skill level 5 in Polearms
   832 | D:2      | Reached XP level 3. HP: 28/28 MP: 3/3
  1186 | D:2      | Reached XP level 4. HP: 14/34 MP: 4/4
  1698 | D:3      | Reached skill level 6 in Polearms
  1708 | D:3      | Found a sparkling altar of Nemelex Xobeh.
  1727 | D:3      | Noticed MirrMurr's ghost (amateur SpEn)
  1761 | D:3      | Slain by MirrMurr's ghost

Skill      XL: |  1  2  3  4 |
---------------+-------------+-----
Polearms       | 5 6 |  6.0
Fighting       | |  2.8
Throwing       | |  2.1
Armour         | |  0.3
Dodging        | |  4.9
Stealth        | |  0.8

Action                   |  1- 3 |  4- 6 || total
-------------------------+-------+-------++-------
Melee: Trident           |   103 |    85 ||   188
Throw: Throwing net      |     2 |       ||     2
  Use: Potion            |       |     3 ||     3
 Stab: Sleeping          |     1 |     3 ||     4
       Distracted        |     1 |     1 ||     2
       Held in net/web   |     1 |       ||     1
  Eat: Chunk             |       |     3 ||     3
Armor: Leather armour    |    13 |    25 ||    38
Dodge: Dodged            |    42 |    55 ||    97
